AoeStats
← Ndrangheta

Glade

510632101Analyzed
1v1 RM · 1d ago on Oct 1, 2026· 42m 6s· 2 players
Game mode
Random Map
Map size
Tiny (2 player)
Population
200
Speed
Normal
Resources
Standard
Victory
Conquest
Starting age
Dark Age
Ending age
Imperial Age
RankedLock teamsTeams togetherTeam positionsShared explorationLock speedFull tech treeHidden civsTurbo modeCheats
Victory
Defeat
🇨🇦 Japanese · Canada
1461
+18
🇦🇷 Bohemians · Argentina
1513
-18
Ndrangheta
8:51 Loom
11:04 Feudal Age
16:40 Castle Age
16:29 Double-Bit Axe
16:25 Horse Collar
17:42 Bow Saw
27:49 Wheelbarrow
27:30 Fletching
28:58 Fervor
29:19 Sanctity
32:39 Imperial Age
32:48 Scale Barding Armor
32:53 Forging
34:08 Chain Barding Armor
33:50 Husbandry
33:10 Cavalier
39:53 Iron Casting
41:19 Bodkin Arrow
41:30 Light Cavalry
Mazezen
11:08 Feudal Age
11:14 Man-at-Arms
11:40 Arson
12:11 Double-Bit Axe
17:43 Loom
20:16 Castle Age
18:46 Horse Collar
18:58 Gold Mining
19:37 Loom
20:00 Fletching
20:21 Crossbowman
20:59 Bodkin Arrow
21:29 Bow Saw
24:50 Heavy Plow
29:01 Imperial Age
29:06 Scale Mail Armor
29:22 Forging
29:51 Wheelbarrow
29:16 Capped Ram
32:49 Bracer
33:18 Ballistics
35:18 Chemistry
36:30 Pikeman
41:39 Chain Mail Armor
42:00 Iron Casting
41:36 Halberdier
Connection lost

Rejoining the realm…

Still unreachable

The connection could not be restored.

Session expired

The server has moved on; the page needs a fresh start.